 Dungeon Crawl Stone Soup version 0.26-a0-683-g5206c1d7ac (webtiles) character file.

Game seed: 8903895978137149982

305 robertstho the Sneak (level 6, 0/43 HPs)
             Began as an Octopode Fighter on Oct 22, 2020.
             Slain by a lemure (4 damage)
             ... led by Pikel
             ... on level 4 of the Dungeon.
             The game lasted 00:02:32 (3326 turns).

robertstho the Sneak (Octopode Fighter)             Turns: 3326, Time: 00:02:32

Health: 0/43       AC:  1    Str: 17    XL:     6   Next: 39%
Magic:  6/6        EV: 12    Int: 10    God:
Gold:   175        SH:  9    Dex: 12    Spells: 5/5 levels left

rFire    x . .     SeeInvis .   a - +0 trident
rCold    + . .     Faith    .   b - +0 kite shield
rNeg     . . .     Spirit   .   (helmet restricted)
rPois    .         Reflect  .   (no amulet)
rElec    .         Harm     .   n - ring of ice
rCorr    .         Rampage  .   (no ring)
MR       .....                  (no ring)
Stlth    ++++......             (no ring)
HPRegen  0.14/turn              (no ring)
MPRegen  0.10/turn              (no ring)
                                (no ring)
                                (no ring)

@: no status effects
A: almost no armour, stealthy swim, amphibious, 8 rings, constrict 8, camouflage
1, gelatinous body 1
a: no special abilities


You were on level 4 of the Dungeon.
You visited 1 branch of the dungeon, and saw 4 of its levels.

You collected 175 gold pieces.

Inventory:

Hand Weapons
 a - a +0 trident (weapon)
Armour
 b - a +0 kite shield (worn)
Jewellery
 n - a ring of ice (left tentacle)
Scrolls
 c - 2 scrolls of amnesia {unknown}
 d - 7 scrolls of teleportation {unknown}
 f - 5 scrolls of identify {unknown}
 g - a scroll of enchant weapon {unknown}
 h - a scroll of magic mapping {unknown}
 i - a scroll of fog {unknown}
 l - a scroll of noise {unknown}
 o - a scroll of blinking {unknown}
Potions
 e - a potion of curing {unknown}
 j - a potion of lignification {unknown}
 k - a potion of stabbing {unknown}
 m - a potion of heal wounds


   Skills:
 + Level 3.8 Fighting
 + Level 3.6 Polearms
 + Level 3.7 Dodging
 + Level 4.5 Stealth
 + Level 3.9 Shields


You had 5 spell levels left.
You didn't know any spells.
Your spell library was empty.

Dungeon Overview and Level Annotations

Branches:
Dungeon (4/15)
 Temple: D:4-7

Altars:

Annotations:
D:4 Pikel


Innate Abilities, Weirdness & Mutations

You cannot wear most types of armour.
You are very stealthy in the water. (Stealth+)
You are amphibious.
You can wear up to eight rings at the same time.
You can use your tentacles to constrict eight enemies at once.
Your skin changes colour to match your surroundings (Stealth+).
Your rubbery body absorbs attacks. (AC +1, EV +1)


Message History

You puncture Pikel! Your grab misses Pikel. Your squeeze misses Pikel.
Pikel is lightly wounded.
The hound skeleton bites you.
An orc comes into view. It is wielding a +0 short sword.
You block Pikel's attack. The lemure hits you. You block the lemure's attack.
The orc shouts!
You hit Pikel. You grab Pikel.
Pikel is moderately wounded.
You constrict Pikel.
You hear a shout!
You block the hound skeleton's attack.
An orc comes into view.
It is wielding a +0 flail of protection.
Pikel hits you with a +1 whip of freezing!
* * * LOW HITPOINT WARNING * * *
Pikel freezes you.
* * * LOW HITPOINT WARNING * * *
The lemure hits you.
* * * LOW HITPOINT WARNING * * *
The lemure hits you.
You die...

... . #
...#####. .#
......... ..#
..(.....###..#
.........#.#.
##...........
#....5K.....#
####...@5Z...o#
##.####.55......
#<..####.......o
#...........##..
##........### .
#........#
##.#...<.#
#######... ..#.


You could see Pikel, 4 lemures, 2 orcs and a hound skeleton.

Vanquished Creatures
  5 orc wizards
  8 adders
  A shadow imp (D:2)
  2 leopard geckos
  17 orcs
  2 giant cockroaches
  5 goblins
  6 hobgoblins
  9 jackals
  2 quokkas
  7 bats
  3 frilled lizards
  2 kobolds
  6 rats
75 creatures vanquished.

Notes
Turn   | Place    | Note
-------+----------+-------------------------------------------
     0 | D:1      | robertstho the Octopode Fighter began the quest for the
                  | Orb.
     0 | D:1      | Reached XP level 1. HP: 16/16 MP: 1/1
    79 | D:1      | Reached XP level 2. HP: 21/21 MP: 2/2
   600 | D:2      | Reached skill level 1 in Stealth
   600 | D:2      | Reached XP level 3. HP: 18/26 MP: 3/3
   612 | D:2      | Reached XP level 4. HP: 15/31 MP: 4/4
  1392 | D:2      | Reached skill level 2 in Stealth
  1398 | D:2      | Reached XP level 5. HP: 26/36 MP: 5/5
  2116 | D:3      | Reached skill level 3 in Stealth
  2674 | D:3      | Reached XP level 6. HP: 28/43 MP: 6/6
  2675 | D:3      | Reached skill level 4 in Stealth
  3320 | D:4      | Noticed Pikel
  3326 | D:4      | Slain by a lemure

Illustrated notes

Levels and vault maps discovered:
D:1:      minmay_arrival_diagonal_passages, layout_basic
D:2:      layout_basic, hex_intersection, minmay_misc_feat_five
D:3:      layout_basic
D:4:      layout_cave_pools, corexii_corridor_pit, lightli_corner_chamber,
          uniq_pikel

Skill      XL: |  1  2  3  4  5  6 |
---------------+-------------------+-----
Stealth        | 1 2 3 4 |  4.5
Polearms       | 3 |  3.6
Fighting       | |  3.8
Dodging        | |  3.7
Shields        | |  3.9

Action                   |  1- 3 |  4- 6 || total
-------------------------+-------+-------++-------
Melee: Trident           |    49 |   119 ||   168
       Constrict         |    10 |    25 ||    35
       Tentacles         |     4 |    14 ||    18
  Use: Potion            |     1 |     1 ||     2
 Stab: Sleeping          |     2 |    16 ||    18
       Distracted        |       |     3 ||     3
Armor: Skin              |     5 |     6 ||    11
Dodge: Dodged            |    19 |    37 ||    56
Block: Kite shield       |    12 |    40 ||    52

Table legend: (Time is in decaauts)
 A = Elapsed time spent in this place.
 B = Non-inter-level travel time spent in this place.
 C = Inter-level travel time spent in this place.
 D = Time resting spent in this place.
 E = Time spent auto-exploring this place.
 F = Levels seen in this place.
 G = Mean time per level.
                   A        B        C        D        E       F      G
               +--------+--------+--------+--------+--------+-----+--------+
         Total |   3364 |   3258 |    106 |      0 |   2794 |   4 |  841.0 |
       Dungeon |   3364 |   3258 |    106 |      0 |   2794 |   4 |  841.0 |
               +--------+--------+--------+--------+--------+-----+--------+

Top non-repeatable levels by time:
     D:3: 1591 daAuts
     D:2: 1184 daAuts
     D:1: 576 daAuts
     D:4: 12 daAuts
